 Dungeon Crawl Stone Soup version 0.22-a0-346-ga714374 (webtiles) character file.

186 nataq the Skirmisher (level 5, -1/47 HPs)
             Began as a Draconian Fighter on Apr 24, 2015.
             Slain by a gnoll
             ... wielding a +0 halberd
              (10 damage)
             ... on level 3 of the Dungeon on Apr 6, 2018.
             The game lasted 00:04:41 (1565 turns).

nataq the Skirmisher (Draconian Fighter)            Turns: 1565, Time: 00:04:42

Health: -1/47      AC:  5    Str: 19    XL:     5   Next: 38%
Magic:  5/5        EV: 13    Int:  9    God:
Gold:   130        SH:  0    Dex: 10    Spells: 4/4 levels left

rFire    . . .     SeeInvis .   a - +0 war axe
rCold    . . .     Gourm    .   (no shield)
rNeg     . . .     Faith    .   (armour unavailable)
rPois    +         Spirit   .   (helmet restricted)
rElec    .         Reflect  .   (no cloak)
rCorr    .         Harm     .   (no gloves)
MR       .....                  (no boots)
Stlth    +.........             (no amulet)
HPRegen  0.15/turn              b - ring of poison resistance
MPRegen  0.09/turn              (no ring)

@: no status effects
A: unfitting armour, cold-blooded, AC +5
a: no special abilities


You were on level 3 of the Dungeon.
You were not hungry.

You visited 1 branch of the dungeon, and saw 3 of its levels.

You collected 130 gold pieces.

Inventory:

Hand Weapons
 a - a +0 war axe (weapon)
Jewellery
 b - a ring of poison resistance (left hand)
Scrolls
 e - 3 scrolls of identify {unknown}
 h - 2 scrolls of fear {unknown}
 j - a scroll of fog {unknown}
 k - 4 scrolls of noise {unknown}
 m - a scroll of magic mapping {unknown}
Potions
 l - a potion of might
Comestibles
 d - 3 rations
 g - a ration


   Skills:
 + Level 4.8 Fighting
 + Level 3.5 Axes
 + Level 3.8 Dodging
   Level 3.0 Shields


You had 4 spell levels left.
You didn't know any spells.

Dungeon Overview and Level Annotations

Branches:
Dungeon (3/15)

Altars:
Qazlal
Vehumet


Innate Abilities, Weirdness & Mutations

Your plain brown scales are hard. (AC +5)
You cannot fit into any form of body armour.
You are cold-blooded and may be slowed by cold attacks.


Message History

The gnoll misses you. The gnoll closely misses you. The gnoll misses you.
The gnoll barely misses you.
The gnoll hits you from afar with a halberd!
The gnoll misses you. The gnoll barely misses you.
The gnoll closely misses you. The gnoll barely misses you.
The gnoll hits you but does no damage. The gnoll hits you with a club!
The gnoll misses you. The gnoll hits you with a club.
The gnoll hits you but does no damage. The gnoll misses you.
The gnoll hits you but does no damage. The gnoll misses you. x2
The gnoll barely misses you. The gnoll hits you with a whip.
The gnoll hits you with a club. The gnoll barely misses you.
A worm comes into view.
The gnoll barely misses you. The gnoll hits you with a whip.
* * * LOW HITPOINT WARNING * * *
The gnoll closely misses you.
The gnoll hits you from afar with a halberd!
You die...

..................#
..................#.###
....#.....###.....#......
....#.....###............#
.>..+...............^.....
....#.....###.........?..##
..###.......#.g...#........
..####..#...#.÷gg.#........
............+.[g@......w...
....###.....##.#..........
....####....##.#.....(###
....##.........#......######
...###.#..#[##.#......##...#
...# #.#.<#.##........##...#
...# #.#...#########.......#
...# #.#...# ##_##
#.......##
...###.#...##8...8
#........#


You could see a worm (wandering) and 4 gnolls.

Vanquished Creatures
  Ijyb (D:2)
  An orc wizard (D:3)
  Jessica (D:2)
  7 adders
  A worm (D:2)
  A leopard gecko (D:3)
  4 orcs (D:3)
  2 bats (D:1)
  A giant cockroach (D:2)
  2 hobgoblins (D:2)
  3 frilled lizards
  8 goblins
  3 kobolds
  11 rats
46 creatures vanquished.

Notes
Turn   | Place    | Note
-------+----------+-------------------------------------------
     0 | D:1      | nataq, the Draconian Fighter, began the quest for the Orb.
     0 | D:1      | Reached XP level 1. HP: 19/19 MP: 1/1
   326 | D:1      | Reached XP level 2. HP: 21/26 MP: 2/2
   551 | D:2      | Noticed Ijyb
   557 | D:2      | Noticed Jessica
   568 | D:2      | Killed Ijyb
   568 | D:2      | Reached XP level 3. HP: 17/33 MP: 3/3
   570 | D:2      | Killed Jessica
   570 | D:2      | Reached skill level 4 in Fighting
   571 | D:2      | Reached XP level 4. HP: 19/40 MP: 4/4
   880 | D:2      | Found a stormy altar of Qazlal.
  1147 | D:3      | Found a radiant altar of Vehumet.
  1260 | D:3      | Reached XP level 5. HP: 14/47 MP: 5/5
  1523 | D:3      | Upgraded the game from 0.17-a0-776-gd86b262 to 0.22-a0-346-ga714374
  1565 | D:3      | Slain by a gnoll

Vault maps used:
D:1:      mrwooster_arrival_arrow
D:2:      nicolae_overflow_crystal_walls, uniq_iyjb, uniq_jessica
D:3:      nicolae_overflow_hidden_temple, first_bread

Skill      XL: |  1  2  3 |
---------------+----------+-----
Fighting       | 4 |  4.8
Axes           | |  3.5
Dodging        | |  3.8
Shields        | |  3.0

Action                   |  1- 3 |  4- 6 || total
-------------------------+-------+-------++-------
Melee: War axe           |    38 |    84 ||   122
  Use: Potion            |     3 |     4 ||     7
  Eat: Buggy ration      |       |     1 ||     1
Armor: Skin              |       |     2 ||     2
Dodge: Dodged            |       |    17 ||    17

Table legend:
 A = Spawn XP
 B = Non-spawn XP
 C = Spawn XP percentage of total XP
 D = Spawn monster count
 E = Non-spawn monster count
 F = Spawn count percentage of total count
 G = Total turns spent on level
                    A         B        C        D         E        F      G
               +---------+---------+-------+---------+---------+-------+---------
         Total |       0 |       0 |   N/A |       0 |       0 |   N/A |    42
               +---------+---------+-------+---------+---------+-------+---------
               +---------+---------+-------+---------+---------+-------+---------
